[Event "Chessable English Womens-ch 2022"]
[Site "Kenilwoth"]
[Date "2022.05.20"]
[Round "4.2"]
[White "Pert, Nina"]
[Black "Yao, Lan"]
[Result "0-1"]
[ECO "B47"]
[WhiteElo "1620"]
[BlackElo "2276"]
[Annotator "TA"]
[PlyCount "88"]
[EventDate "2022.05.18"]
[EventType "swiss"]
[EventCountry "ENG"]
[SourceTitle "playchess.com"]
[Source "ChessBase"]
[SourceQuality "1"]
[TimeControl "5400+30"]

1. e4 c5 2. Nf3 e6 3. Nc3 Nc6 4. d4 cxd4 5. Nxd4 Qc7 6. g3 a6 7. Bg2 Nf6 8. O-O h5 {[%emt 0:00:35] 8...Nxd4 is becoming the main line. B47: Sicilian: Taimanov: 5 Nc3 Qc7 6 f4, 6 g3 and 6 Be2.} 9. h3 Bc5 10. Nxc6 bxc6 {[%emt 0:00:08] The position is equal.} 11. e5 (11. Bf4 $14 e5 12. Bg5) 11... Qxe5 $11 12. Bf4 Qd4 13. Qe2 {[%emt 0:02:02] [#]} Qb4 $146 ({Predecessor:} 13... Be7 14. Be5 Qa7 15. Rfd1 d5 16. Na4 Kf8 17. c4 Nd7 18. Bc3 Qb8 19. h4 Nc5 20. Nxc5 Bxc5 {1-0 (35) Arjun,K (2445)-Groetzbach,J (2250) Karlsruhe 2019}) 14. a3 Qb7 ({Resist} 14... Qxb2 15. Qc4 (15. Na4 Qd4 $16) 15... Be7 16. Bxc6 $1 dxc6 17. Rab1 Qxa3 18. Qxc6+ Nd7 19. Rb3 $16) 15. Rad1 d5 (15... Qxb2 $2 16. Na4 Qb5 17. Qxb5 axb5 18. Nxc5 $18) 16. Bg5 (16. Na4 $11 {remains equal.} Ba7 17. Qe5) 16... Be7 $17 ({Much less strong is} 16... Qxb2 17. Na4 Qxa3 18. Ra1 Qxg3 19. Bxf6 gxf6 20. Nxc5 $14) 17. Rfe1 (17. Rb1 $142) 17... O-O ({Black should try} 17... Qxb2 $17 18. Rd3 Qb6) 18. b3 $15 Qc7 19. Qe3 Nh7 20. Bxe7 Qxe7 21. Rd4 Re8 22. Rh4 g6 23. Qe5 f6 24. Qe3 e5 $36 {[%emt 0:02:45][%mdl 2048] Keeping White busy.} 25. Nxd5 cxd5 $19 26. Bxd5+ Be6 27. Bxa8 Rxa8 28. Qe4 (28. Kh2 $17) 28... Qe8 {[%emt 0:00:56] And now ...Ng5 would win.} 29. Qg2 $2 (29. Qe2 {keeps fighting.}) 29... Rd8 {[%emt 0:02:07] Threatens to win with ...Ng5.} 30. f4 {[%emt 0:05:17] Against Ng5} Bd5 31. Qe2 e4 32. Rd1 Rd7 {[%emt 0:09:06] Hoping for ...e3.} 33. c4 (33. Kf1 $142) 33... Bc6 {[%emt 0:01:06] aiming for ...Rxd1+.} 34. g4 (34. Rxd7 $142 Qxd7 35. Kf2) 34... g5 {[%emt 0:02:08] White must now prevent ...Rxd1+.} 35. fxg5 Nxg5 (35... Rxd1+ $142 36. Qxd1 e3 37. Kf1 Qe4 38. Qd8+ Nf8 39. Ke1 Qh1+ 40. Ke2 Qf3+ 41. Kd3 e2+ 42. Kd2 Qf2 43. Qd5+ Bxd5 44. Kd3 {[#]} e1=Q $1 45. cxd5 Qfd2+ 46. Kc4 Qc3#) 36. Rxh5 Qe5 (36... Rxd1+ $142 37. Qxd1 Qb8 38. Rxg5+ fxg5) 37. Rxd7 Bxd7 {[%emt 0:01:06] The board is on fire.} 38. Kg2 $2 (38. Qe3 $19) 38... e3 {[%emt 0:02:42] Black mates.} 39. Kf1 Bc6 40. Rxg5+ fxg5 41. Qc2 Be4 42. Qa2 Qf4+ 43. Kg1 Qg3+ 44. Kf1 Bd3+ {[%emt 0:00:07] Weighted Error Value: White=0.58/Black=0.44} 0-1

[Event "Chessable English Womens-ch 2022"]
[Site "Kenilwoth"]
[Date "2022.05.20"]
[Round "4.3"]
[White "Oh, Julie"]
[Black "Catabay, Mae Katelyn Rose"]
[Result "0-1"]
[ECO "B23"]
[WhiteElo "1373"]
[BlackElo "1321"]
[Annotator "NA COMBH"]
[PlyCount "86"]
[EventDate "2022.05.18"]
[EventType "swiss"]
[EventCountry "ENG"]
[SourceTitle "playchess.com"]
[Source "ChessBase"]
[SourceQuality "1"]
[TimeControl "5400+30"]

1. e4 c5 2. Nc3 Nc6 3. f4 e6 4. Nf3 d5 5. e5 Bd7 6. d3 Nge7 7. Be2 Nf5 8. O-O Be7 9. Qe1 Rc8 10. Bd1 O-O 11. Ne2 b5 12. Ng3 b4 13. Nxf5 exf5 14. Qg3 h6 15. Bd2 Be6 16. Be1 c4 17. Be2 Bc5+ 18. Kh1 a5 19. Qh3 Nd4 20. Nxd4 Bxd4 21. c3 bxc3 22. bxc3 cxd3 23. cxd4 dxe2 24. Rf2 Qb6 25. Qd3 Rc4 26. Rxe2 Rfc8 27. Rd2 Rc3 28. Qe2 Qc6 29. Rdd1 Rc2 30. Qd3 a4 31. a3 Qc4 32. Qxc4 R8xc4 33. Bb4 Rf2 34. g3 Rcc2 35. Rac1 Rxh2+ 36. Kg1 Rcg2+ 37. Kf1 Rxg3 38. Rc5 g5 39. fxg5 hxg5 40. Ra5 f4 41. Ra8+ Kh7 42. Rc1 Bh3+ 43. Ke1 Rg1# 0-1

[Event "Chessable English Womens-ch 2022"]
[Site "Kenilwoth"]
[Date "2022.05.20"]
[Round "4.4"]
[White "Milewska, Agnieszka"]
[Black "Sengenberger, Sara"]
[Result "1-0"]
[ECO "D40"]
[WhiteElo "1677"]
[BlackElo "1435"]
[Annotator "NA COMBH"]
[PlyCount "103"]
[EventDate "2022.05.18"]
[EventType "swiss"]
[EventCountry "ENG"]
[SourceTitle "playchess.com"]
[Source "ChessBase"]
[SourceQuality "1"]
[TimeControl "5400+30"]

1. d4 Nf6 2. c4 e6 3. e3 c5 4. Nf3 Nc6 5. Nc3 d5 6. dxc5 Bxc5 7. cxd5 Nxd5 8. Bb5 O-O 9. Bxc6 Nxc3 10. Qxd8 Rxd8 11. bxc3 bxc6 12. O-O Ba6 13. Re1 Rab8 14. Nd4 Rd6 15. Nb3 Bb6 16. Ba3 Rdd8 17. Red1 Rxd1+ 18. Rxd1 Rd8 19. Rxd8+ Bxd8 20. Nd4 Ba5 21. Bb4 Bxb4 22. cxb4 Bb5 23. f4 Ba4 24. Kf2 Kf8 25. Ke2 Ke7 26. Kd3 Kd6 27. g4 g6 28. g5 c5 29. bxc5+ Kxc5 30. a3 Kd5 31. e4+ Kc5 32. Nf3 Bb5+ 33. Kc3 Bc6 34. Nd2 Bb7 35. Nb3+ Kd6 36. Kd4 Bc6 37. e5+ Kc7 38. Kc5 a6 39. Nd4 Bg2 40. a4 Be4 41. a5 Bd5 42. Nc2 Bg2 43. Ne3 Bf3 44. Nc4 Bd5 45. Nd6 Bf3 46. Nxf7 Be4 47. Nh6 Bf3 48. Ng8 Be4 49. Nf6 Bc2 50. Nxh7 Bf5 51. Nf8 Kd8 52. Kd6 1-0

[Event "Chessable English Womens-ch 2022"]
[Site "Kenilwoth"]
[Date "2022.05.20"]
[Round "4.5"]
[White "Mohan, Meghana"]
[Black "Dicen, Elis Denele"]
[Result "0-1"]
[ECO "E03"]
[WhiteElo "1613"]
[BlackElo "1635"]
[Annotator "NA COMBH"]
[PlyCount "62"]
[EventDate "2022.05.18"]
[EventType "swiss"]
[EventCountry "ENG"]
[SourceTitle "playchess.com"]
[Source "ChessBase"]
[SourceQuality "1"]
[TimeControl "5400+30"]

1. d4 d5 2. c4 e6 3. Nf3 Nf6 4. g3 dxc4 5. Qa4+ Nbd7 6. Qxc4 a6 7. Bg2 b5 8. Qc2 Bb7 9. a3 c5 10. dxc5 Bxc5 11. b4 Bb6 12. O-O Rc8 13. Nc3 Nd5 14. Bb2 Nxc3 15. Bxc3 Bxf3 16. Bxf3 Bd4 17. Rac1 Rxc3 18. Qe4 Nf6 19. Qb7 Rxc1 20. Rxc1 O-O 21. Rc7 Bb2 22. g4 Bxa3 23. g5 Nd5 24. Rd7 Qxg5+ 25. Kf1 h6 26. Qxa6 Bxb4 27. Bxd5 exd5 28. Qxb5 Rc8 29. e3 Rc1+ 30. Ke2 Qg4+ 31. Kd3 Qd1# 0-1

[Event "Chessable English Womens-ch 2022"]
[Site "Kenilwoth"]
[Date "2022.05.21"]
[Round "5.1"]
[White "Catabay, Mae Katelyn Rose"]
[Black "Gamal, Alaa"]
[Result "0-1"]
[ECO "B27"]
[WhiteElo "1321"]
[BlackElo "1651"]
[Annotator "NA RC COMBH"]
[PlyCount "106"]
[EventDate "2022.05.18"]
[EventType "swiss"]
[EventCountry "ENG"]
[SourceTitle "playchess.com"]
[Source "ChessBase"]
[SourceQuality "1"]
[TimeControl "5400+30"]

1. e4 c5 2. Nf3 g6 3. d4 cxd4 4. Nxd4 Nf6 5. f3 Bg7 6. Be3 O-O 7. Bd3 d6 8. O-O Bd7 9. c4 Nc6 10. Nc3 Ng4 11. Nxc6 Nxe3 12. Qe2 Bxc6 13. Qxe3 Qa5 14. Rfc1 Qb4 15. Rab1 Qc5 16. Qxc5 dxc5 17. Nd5 Rae8 18. Kf1 e6 19. Nf4 Bh6 20. g3 e5 21. Nd5 Bxd5 22. cxd5 Bxc1 23. Rxc1 Rc8 24. Ke2 a6 25. a4 f5 26. b3 Kg7 27. Kd2 Kf6 28. Ke3 Ke7 29. Ke2 Kd6 30. Rc2 Rb8 31. Ra2 f4 32. g4 h5 33. g5 h4 34. Kd2 Rh8 35. Kc3 h3 36. Ra1 Rh5 37. Rg1 b5 38. a5 Rhh8 39. Re1 c4 40. Bf1 cxb3 41. Kxb3 Rbc8 42. Bd3 Rc7 43. Bf1 Rh5 44. Re2 Rc1 45. Rf2 Ra1 46. Kb4 Ra4+ 47. Kb3 Rxa5 48. Kb2 Rxg5 49. Bxh3 Ra4 50. Kb3 Rg1 51. Rb2 Rc1 52. Be6 Rac4 53. Ka2 R4c3 0-1

[Event "Chessable English Womens-ch 2022"]
[Site "Kenilwoth"]
[Date "2022.05.21"]
[Round "5.2"]
[White "Yao, Lan"]
[Black "Milewska, Agnieszka"]
[Result "1-0"]
[ECO "C54"]
[WhiteElo "2276"]
[BlackElo "1677"]
[Annotator "TA"]
[PlyCount "109"]
[EventDate "2022.05.18"]
[EventType "swiss"]
[EventCountry "ENG"]
[SourceTitle "playchess.com"]
[Source "ChessBase"]
[SourceQuality "1"]
[TimeControl "5400+30"]

1. e4 e5 2. Nf3 Nc6 3. Bc4 Bc5 4. c3 d6 5. d3 Nf6 6. a4 a6 7. O-O O-O 8. h3 h6 9. Nbd2 Be6 10. Bxe6 {[%emt 0:00:13] C54: Giuoco Piano: 4 c3 Nf6, main lines with 5 d4 and 5 d3.} fxe6 11. b4 Ba7 12. Nc4 {[%emt 0:01:48] White has an edge.} Qe8 {[%emt 0:01:58] [#]} 13. b5 $146 (13. Be3 $14) ({Predecessor:} 13. Be3 Bxe3 14. Nxe3 Nh5 15. g3 Rd8 16. Qe2 Nf6 17. Kg2 Ne7 18. Ng4 Ng6 19. Nxf6+ Rxf6 {½-½ (34) Hou,Y (2651)-Jakovenko,D (2709) Sharjah 2017}) 13... axb5 $17 14. axb5 {[%emt 0:00:08] [#] Ba3 is the strong threat.} Ne7 $2 (14... Bxf2+ $1 $17 15. Kxf2 (15. Rxf2 Rxa1 16. bxc6 Qxc6 $17) 15... Rxa1 16. bxc6 Qxc6) 15. b6 $1 $14 Bxb6 16. Rxa8 Qxa8 17. Nxb6 cxb6 18. Qb3 {[%emt 0:00:24][%csl LRb6,LRe6] Against Qa2} Qc8 19. Ba3 Qd7 20. Qxb6 Nc6 21. Re1 Ra8 22. Bc1 Ra6 23. Qe3 b5 24. d4 (24. Qe2 $14) 24... exd4 $11 25. cxd4 Ra4 26. Bb2 Na5 27. Nd2 Nc4 28. Nxc4 bxc4 29. d5 $1 {[%emt 0:04:41] And now Bxf6 would win.} e5 30. Bc3 Qb5 31. f4 Ra3 32. fxe5 dxe5 33. Qf3 Qc5+ 34. Kh2 Qd6 (34... Rb3 $11) 35. Rc1 $14 Nd7 36. Qg4 Ra8 {[%emt 0:05:40] [#] Black is on the road to losing.} (36... Qf6 $14) 37. Bd2 (37. Rb1 $1 $18 ) 37... Ra4 (37... Nf6 $16 {was necessary.} 38. Qf5 Rf8) 38. Rc3 $18 {[%emt 0:00:44] Black must now prevent Rg3.} Nc5 (38... Nf6 {was called for.} 39. Qf5 (39. Qc8+ Kh7 $18) 39... Kh8 40. Qc8+ Kh7) 39. Rg3 Ra7 (39... Qd7 $16 {is a better chance.}) 40. Bb4 Rc7 {[%emt 0:00:28] Against Qc8+} (40... Qc7 $142 41. d6 (41. Qf5 Nd3 $16) 41... Qxd6 42. Qc8+ Kh7 43. Bxc5 Qd7) 41. Qf5 $2 (41. Bxc5 Qxc5 42. Qe6+ Rf7 43. d6) 41... Qb6 (41... Qd7 42. Qxe5 Nd3) 42. Qxe5 Nd3 43. Qe8+ Kh7 44. Bc3 Nc1 45. Qf8 Qa7 46. Qf5+ Kg8 47. Qe6+ Kh7 48. Qg6+ Kg8 49. Qe6+ $40 {[%emt 0:02:07][%mdl 128] White attacks.} Kh7 50. Qg4 {[%emt 0:00:09] White threatens d6 and mate.} Rf7 51. d6 (51. e5 $142 Ne2 52. Qxe2 Rf2 53. Qe4+ Kg8 54. e6 Rf1 55. Rxg7+ Qxg7 56. Bxg7) 51... Qd7 {[%emt 0:02:11] [#]} 52. Qxg7+ $1 {[%emt 0:00:45][%mdl 512] White mates.} Rxg7 53. Rxg7+ Qxg7 54. Bxg7 Kxg7 55. d7 {[%emt 0:00:02] Weighted Error Value: White=0.45/Black=0.77} 1-0

[Event "Chessable English Womens-ch 2022"]
[Site "Kenilwoth"]
[Date "2022.05.21"]
[Round "5.3"]
[White "Dicen, Elis Denele"]
[Black "Pert, Nina"]
[Result "0-1"]
[ECO "D94"]
[WhiteElo "1635"]
[BlackElo "1620"]
[Annotator "NA RC COMBH"]
[PlyCount "86"]
[EventDate "2022.05.18"]
[EventType "swiss"]
[EventCountry "ENG"]
[SourceTitle "playchess.com"]
[Source "ChessBase"]
[SourceQuality "1"]
[TimeControl "5400+30"]

1. d4 d5 2. Nf3 Nf6 3. e3 g6 4. c4 c6 5. Nc3 Bg7 6. Bd3 O-O 7. O-O a6 8. cxd5 cxd5 9. Bd2 Nc6 10. Rc1 Qd6 11. Re1 Re8 12. a3 e5 13. dxe5 Nxe5 14. Nxe5 Qxe5 15. f4 Qd6 16. h3 Bd7 17. Ne2 Nh5 18. Qb3 Bc6 19. Bb4 Qd8 20. Bc5 Qh4 21. Qb4 Rad8 22. Bd4 Bd7 23. Kh2 a5 24. Qd2 Bxh3 25. g3 Nxg3 26. Nxg3 Bg4+ 27. Kg2 Qh3+ 28. Kg1 Bxd4 29. Nf1 Bf3 30. Qh2 Qxh2+ 31. Kxh2 Bb6 32. Kg3 Be4 33. Bb5 Re6 34. b4 d4 35. exd4 Rxd4 36. Rc8+ Kg7 37. bxa5 Bxa5 38. Rec1 Bd3 39. Bxd3 Rxd3+ 40. Kg2 Re2+ 41. Kh1 Bb6 42. Nh2 Rh3 43. Rd1 Rhxh2# 0-1

[Event "Chessable English Womens-ch 2022"]
[Site "Kenilwoth"]
[Date "2022.05.21"]
[Round "5.4"]
[White "Mohan, Meghana"]
[Black "Subramanian, Anusha"]
[Result "0-1"]
[ECO "D11"]
[WhiteElo "1613"]
[BlackElo "1671"]
[Annotator "NA RC COMBH"]
[PlyCount "66"]
[EventDate "2022.05.18"]
[EventType "swiss"]
[EventCountry "ENG"]
[SourceTitle "playchess.com"]
[Source "ChessBase"]
[SourceQuality "1"]
[TimeControl "5400+30"]

1. d4 d5 2. Nf3 Nf6 3. g3 Bf5 4. c4 c6 5. Bg2 e6 6. Qb3 Qb6 7. O-O dxc4 8. Qxc4 Bd6 9. Nc3 O-O 10. Re1 Bg6 11. Nh4 Nbd7 12. Nxg6 hxg6 13. e4 Be7 14. Bg5 Rfe8 15. e5 Nd5 16. Bxe7 Rxe7 17. Ne4 c5 18. Nc3 Qb4 19. Qb5 cxd4 20. Qxb4 Nxb4 21. Re4 Nc5 22. Rg4 dxc3 23. Rxb4 Nd3 24. Rxb7 Rxb7 25. Bxb7 Rb8 26. Be4 cxb2 27. Rb1 Nc1 28. Kg2 Nxa2 29. Re1 Nc3 30. Bb1 Nxb1 31. Rxb1 a5 32. Kf3 a4 33. Ke3 a3 0-1

[Event "Chessable English Womens-ch 2022"]
[Site "Kenilwoth"]
[Date "2022.05.21"]
[Round "5.5"]
[White "Sengenberger, Sara"]
[Black "Oh, Julie"]
[Result "1-0"]
[ECO "B48"]
[WhiteElo "1435"]
[BlackElo "1373"]
[Annotator "NA RC COMBH"]
[PlyCount "117"]
[EventDate "2022.05.18"]
[EventType "swiss"]
[EventCountry "ENG"]
[SourceTitle "playchess.com"]
[Source "ChessBase"]
[SourceQuality "1"]
[TimeControl "5400+30"]

1. e4 c5 2. Nf3 e6 3. d4 cxd4 4. Nxd4 a6 5. Nc3 Nc6 6. Be3 Qc7 7. Qd2 Nf6 8. O-O-O b5 9. f3 Bb4 10. Nxc6 Qxc6 11. Bd4 h6 12. g4 Be7 13. Bg2 b4 14. Ne2 Qc4 15. Kb1 d6 16. e5 dxe5 17. Bxe5 O-O 18. b3 Qb5 19. f4 Nd5 20. c4 bxc3 21. Nxc3 Bb4 22. Bxd5 exd5 23. Bxg7 Re8 24. Qd4 Bxc3 25. Qxc3 Bb7 26. Bxh6 d4 27. Qxd4 Be4+ 28. Ka1 f6 29. Qxf6 Ra7 30. Rhe1 Rf7 31. Qg5+ Qxg5 32. Bxg5 Rff8 33. h4 Bf3 34. Rxe8 Bxd1 35. Rxf8+ Kxf8 36. Bh6+ Kf7 37. g5 Kg6 38. Kb2 Kf5 39. Kc3 Bh5 40. g6 Bxg6 41. Kc4 Ke4 42. a3 Bf7+ 43. Kc3 Kd5 44. b4 Kc6 45. Kd4 Kb5 46. f5 Ka4 47. Bc1 Kb5 48. Ke5 Kc6 49. Kf6 Bh5 50. Ke7 Kd5 51. f6 Kc4 52. f7 Bxf7 53. Kxf7 Kb3 54. h5 Kc2 55. h6 Kxc1 56. h7 Kb2 57. h8=Q+ Kxa3 58. Qa8 Kxb4 59. Qxa6 1-0

[Event "Chessable English Womens-ch 2022"]
[Site "Kenilwoth"]
[Date "2022.05.21"]
[Round "6.1"]
[White "Gamal, Alaa"]
[Black "Milewska, Agnieszka"]
[Result "1-0"]
[ECO "E01"]
[WhiteElo "1651"]
[BlackElo "1677"]
[Annotator "NA COMBH"]
[PlyCount "75"]
[EventDate "2022.05.18"]
[EventType "swiss"]
[EventCountry "ENG"]
[SourceTitle "playchess.com"]
[Source "ChessBase"]
[SourceQuality "1"]
[TimeControl "5400+30"]

1. d4 d5 2. c4 e6 3. Nf3 Nf6 4. g3 c5 5. cxd5 Nxd5 6. Bg2 Nc6 7. O-O cxd4 8. Nxd4 Bd7 9. e4 Nf6 10. Nb5 a6 11. Nd6+ Bxd6 12. Qxd6 Qe7 13. Rd1 Qxd6 14. Rxd6 Ke7 15. Rd1 e5 16. Nc3 Nd4 17. Bg5 Bc6 18. f4 Ne6 19. fxe5 Nxg5 20. exf6+ gxf6 21. Nd5+ Bxd5 22. exd5 h5 23. h4 Nh7 24. d6+ Kd8 25. Bxb7 Rb8 26. Bxa6 Rxb2 27. Rab1 Rxb1 28. Rxb1 Kd7 29. Rb6 Rd8 30. Bb5+ Ke6 31. d7+ Ke7 32. a4 Nf8 33. Rb7 Ne6 34. a5 Ra8 35. a6 Nc5 36. Rc7 Nxa6 37. Rc8 Nc7 38. d8=Q+ 1-0

[Event "Chessable English Womens-ch 2022"]
[Site "Kenilwoth"]
[Date "2022.05.21"]
[Round "6.2"]
[White "Oh, Julie"]
[Black "Yao, Lan"]
[Result "0-1"]
[ECO "B23"]
[WhiteElo "1373"]
[BlackElo "2276"]
[Annotator "TA"]
[PlyCount "88"]
[EventDate "2022.05.18"]
[EventType "swiss"]
[EventCountry "ENG"]
[SourceTitle "playchess.com"]
[Source "ChessBase"]
[SourceQuality "1"]
[TimeControl "5400+30"]

1. e4 c5 2. Nc3 Nc6 3. f4 g6 4. Nf3 Bg7 5. Bb5 Nd4 6. O-O Nxb5 7. Nxb5 Nf6 8. Nc3 {[%emt 0:04:58] B23: Closed Sicilian: Lines without g3.} d5 9. d3 (9. e5 $5 Ne4 10. Ne2 $11) 9... O-O 10. Qe1 {[%emt 0:04:46] The position is equal.} e6 11. Qh4 dxe4 12. dxe4 {[%emt 0:06:01] [#]} b5 $146 (12... b6 $11) ({Predecessor:} 12... Nh5 13. Qxd8 Rxd8 14. e5 Bf8 15. Be3 b6 16. a4 a5 17. Nd2 Ng7 18. g4 Ne8 {½-½ (44) Stanojevic,I (1886)-Grcic,V (1903) Vrbas 2015}) 13. f5 ({But not} 13. Nxb5 Nxe4 14. Qxd8 Rxd8 $15) (13. Rd1 $1 $14 Bd7 14. e5) 13... exf5 $15 14. Bg5 $1 h6 15. Bxh6 {[%emt 0:03:13] [#]} (15. Rad1 $1 $11 hxg5 16. Nxg5) 15... Nxe4 $1 $17 {[%emt 0:03:36] aiming for ...Qxh4.} 16. Nxe4 $2 {[%emt 0:04:06] Loses the game.} (16. Qxd8 $17 Rxd8 17. Bxg7 Kxg7 18. Nxe4 fxe4 19. Ng5) 16... Qxh4 $19 (16... fxe4 17. Qxe4 Bf5 18. Qf4 $11) 17. Nxh4 {[%emt 0:00:24] And now Bxg7 would win.} Bxh6 ({Don't blunder} 17... fxe4 $2 18. Bxg7 Kxg7 19. Rae1 $19) 18. Nc3 b4 19. Nd5 {[%emt 0:00:43] Prevents Be3+.} Bb7 20. Rad1 Rfd8 21. Nf6+ (21. c4 $142 Bxd5 22. cxd5) 21... Kg7 22. Nd7 Be3+ 23. Kh1 Bd4 {[%emt 0:00:12] This bishop pair is nice.} 24. c3 Rxd7 25. cxd4 cxd4 26. Nf3 Rad8 27. Rd2 Kf6 28. Rfd1 d3 {[%emt 0:00:22] Threatens to win with ...Bxf3.} 29. Ne1 Be4 30. Kg1 f4 31. Kf2 g5 32. g3 Ke5 33. Rc1 fxg3+ 34. hxg3 f5 35. Rc5+ Rd5 36. Rxd5+ (36. Rc4) 36... Rxd5 ({Not} 36... Kxd5 37. Nxd3 Rb8 38. Nxb4+ Ke5 39. Na6 $17) 37. Nf3+ Bxf3 38. Kxf3 {[%emt 0:00:06][%mdl 4096] Endgame KR-KR} Kd4 {[%emt 0:00:16] [#] Strongly threatening ...Re5.} 39. g4 fxg4+ {[%emt 0:00:16] Black mates.} 40. Kxg4 Ke3 41. Rh2 d2 42. Rh3+ Ke4 43. Rh1 d1=Q+ 44. Rxd1 Rxd1 {[%emt 0:00:03] Weighted Error Value: White=0.92/Black=0.14 (very precise)} 0-1

[Event "Chessable English Womens-ch 2022"]
[Site "Kenilwoth"]
[Date "2022.05.21"]
[Round "6.3"]
[White "Pert, Nina"]
[Black "Subramanian, Anusha"]
[Result "1/2-1/2"]
[ECO "C10"]
[WhiteElo "1620"]
[BlackElo "1671"]
[Annotator "NA RC COMBH"]
[PlyCount "159"]
[EventDate "2022.05.18"]
[EventType "swiss"]
[EventCountry "ENG"]
[SourceTitle "playchess.com"]
[Source "ChessBase"]
[SourceQuality "1"]
[TimeControl "5400+30"]

1. e4 e6 2. d4 d5 3. Nd2 dxe4 4. Nxe4 Nd7 5. Nf3 Ngf6 6. Ng3 c5 7. c3 cxd4 8. Nxd4 Bc5 9. Nb3 Be7 10. Be2 O-O 11. O-O Qc7 12. Qc2 b6 13. Bg5 Bb7 14. Rad1 h6 15. Bd2 Nc5 16. Nxc5 Bxc5 17. c4 Bd6 18. Bd3 Qc6 19. f3 Qc7 20. Be1 Rac8 21. Qe2 Rfd8 22. Kh1 Bf4 23. b3 Rd7 24. Bb1 Qe5 25. Rxd7 Nxd7 26. Qc2 g6 27. Bc3 Qc7 28. Ne2 Be5 29. Nd4 Bxd4 30. Bxd4 b5 31. c5 Qf4 32. Qf2 b4 33. Be3 Qe5 34. Rc1 a5 35. Bd3 Nf6 36. Bd4 Qf4 37. Be3 Qe5 38. Qd2 Nd5 39. Be4 f5 40. Bf4 Nxf4 41. Bxb7 Rc7 42. Re1 Qg7 43. Qxf4 Rxb7 44. c6 Rc7 45. Rc1 e5 46. Qc4+ Qf7 47. Qc5 Qe6 48. Qxa5 Qd6 49. h3 e4 50. fxe4 fxe4 51. Qb6 Kh7 52. Qc5 Qd2 53. Qc2 e3 54. Kg1 Kg7 55. Qxd2 exd2 56. Rd1 Rxc6 57. Rxd2 Kf6 58. Kf2 Ke5 59. Ke2 Rc3 60. Kd1 Ke4 61. Rf2 Ke5 62. Kd2 Ke4 63. h4 h5 64. Rf3 Rxf3 65. gxf3+ Kxf3 66. a4 bxa3 67. Kc2 Kg4 68. b4 g5 69. hxg5 Kxg5 70. b5 h4 71. b6 h3 72. b7 h2 73. b8=Q h1=Q 74. Qg8+ Kf4 75. Qf7+ Ke5 76. Qe7+ Kd4 77. Qa7+ Ke5 78. Qg7+ Kd6 79. Qg6+ Ke5 80. Qg7+ 1/2-1/2

[Event "Chessable English Womens-ch 2022"]
[Site "Kenilwoth"]
[Date "2022.05.21"]
[Round "6.4"]
[White "Catabay, Mae Katelyn Rose"]
[Black "Mohan, Meghana"]
[Result "1-0"]
[ECO "B80"]
[WhiteElo "1321"]
[BlackElo "1613"]
[Annotator "NA COMBH"]
[PlyCount "81"]
[EventDate "2022.05.18"]
[EventType "swiss"]
[EventCountry "ENG"]
[SourceTitle "playchess.com"]
[Source "ChessBase"]
[SourceQuality "1"]
[TimeControl "5400+30"]

1. e4 c5 2. Nf3 d6 3. d4 cxd4 4. Nxd4 Nf6 5. Nc3 a6 6. f3 e6 7. Be3 Be7 8. Qd2 Bd7 9. Be2 Nc6 10. O-O Ne5 11. Nb3 Rc8 12. Bd4 Nc4 13. Bxc4 Rxc4 14. Qf2 Rc8 15. Bb6 Rc7 16. Bxc7 Qxc7 17. Rad1 O-O 18. Rd2 Bc6 19. Rfd1 d5 20. exd5 Nxd5 21. Nxd5 Bxd5 22. Kh1 Bd6 23. g3 Qc6 24. Nd4 Qc8 25. c3 b5 26. Rc2 Qa8 27. Kg2 Rc8 28. b3 Bc5 29. c4 e5 30. cxd5 Bxd4 31. Rxc8+ Qxc8 32. Qd2 Qd8 33. Qc2 g6 34. Qc6 Qa5 35. d6 Qxa2+ 36. Kh3 Qxb3 37. d7 Qxd1 38. d8=Q+ Kg7 39. Qcf6+ Kh6 40. Qf8+ Kh5 41. Qh4# 1-0

[Event "Chessable English Womens-ch 2022"]
[Site "Kenilwoth"]
[Date "2022.05.21"]
[Round "6.5"]
[White "Sengenberger, Sara"]
[Black "Dicen, Elis Denele"]
[Result "0-1"]
[ECO "C01"]
[WhiteElo "1435"]
[BlackElo "1635"]
[Annotator "NA RC COMBH"]
[PlyCount "82"]
[EventDate "2022.05.18"]
[EventType "swiss"]
[EventCountry "ENG"]
[SourceTitle "playchess.com"]
[Source "ChessBase"]
[SourceQuality "1"]
[TimeControl "5400+30"]

1. e4 e6 2. d4 d5 3. exd5 exd5 4. Bd3 Nf6 5. Nf3 c5 6. dxc5 Bxc5 7. h3 O-O 8. O-O Nc6 9. b3 Be6 10. Bb2 Rc8 11. Nbd2 h6 12. Rc1 Nb4 13. a3 Nxd3 14. cxd3 Bd6 15. Nd4 Bd7 16. N2f3 Rxc1 17. Qxc1 Qb6 18. b4 Bb8 19. Re1 a6 20. Ne5 Qd6 21. Ndf3 Bf5 22. Bd4 Rc8 23. Qd2 Qd8 24. Rc1 Rxc1+ 25. Qxc1 Be6 26. Qc3 Bd6 27. Bc5 Ne8 28. Bxd6 Nxd6 29. Nd4 Qf6 30. Nxe6 Qxe6 31. Nf3 Nb5 32. Qb2 d4 33. Kf1 Qd5 34. Ng1 Qf5 35. Qb3 Qf4 36. Ne2 Qd2 37. g3 Nc3 38. Nxc3 Qxd3+ 39. Ke1 dxc3 40. Qd1 Qe4+ 41. Kf1 c2 0-1

[Event "Chessable English Womens-ch 2022"]
[Site "Kenilwoth"]
[Date "2022.05.22"]
[Round "7.1"]
[White "Dicen, Elis Denele"]
[Black "Gamal, Alaa"]
[Result "1-0"]
[ECO "D00"]
[WhiteElo "1635"]
[BlackElo "1651"]
[Annotator "NA RC COMBH"]
[PlyCount "131"]
[EventDate "2022.05.18"]
[EventType "swiss"]
[EventCountry "ENG"]
[SourceTitle "playchess.com"]
[Source "ChessBase"]
[SourceQuality "1"]
[TimeControl "5400+30"]

1. d4 g6 2. Nc3 d5 3. Bf4 a6 4. e3 Nf6 5. Nf3 Bg7 6. Be2 Nh5 7. Be5 f6 8. Bg3 Be6 9. Qd2 O-O 10. O-O-O Nd7 11. Nh4 Nxg3 12. hxg3 c5 13. f4 f5 14. Nf3 h6 15. Ne5 cxd4 16. exd4 Rf6 17. g4 fxg4 18. Bxg4 Nb6 19. Bxe6+ Rxe6 20. g4 Nc4 21. Qd3 Rc8 22. g5 hxg5 23. Qh3 Qd6 24. Qh7+ Kf8 25. Rdf1 gxf4 26. Rxf4+ Rf6 27. Rxf6+ exf6 28. Nxg6+ Kf7 29. Qh5 Kg8 30. Nxd5 Re8 31. Ngf4 Rc8 32. Qh7+ Kf8 33. Qf5 Re8 34. Rg1 Ne3 35. Nxe3 Rxe3 36. Qc8+ Re8 37. Ng6+ Kf7 38. Qxb7+ Kg8 39. Ne5 Re7 40. Qc8+ Kh7 41. Rh1+ Bh6+ 42. Rxh6+ Kxh6 43. Qh3+ Kg7 44. Qg4+ Kf8 45. Ng6+ Kf7 46. Nxe7 Kxe7 47. Qe4+ Kf7 48. c3 Qb6 49. Qd5+ Kg7 50. b3 Qc7 51. Kb2 Qh2+ 52. Ka3 Qc2 53. Qd7+ Kg6 54. Qg4+ Kh6 55. Qf3 Kg5 56. d5 a5 57. Qe3+ Kg4 58. d6 Qf5 59. Qd4+ Kg3 60. d7 Qb1 61. d8=Q Qc1+ 62. Ka4 Qg5 63. Qg1+ Kh4 64. Qh8+ Qh5 65. Qh2+ Kg4 66. Q8xh5# 1-0